 Dungeon Crawl Stone Soup version 0.22-a0-367-gb72a975701 (webtiles) character file.

3607 Laan the Destroyer (level 9, -2/47 HPs)
             Began as a Deep Elf Fire Elementalist on Apr 22, 2018.
             Was an Initiate of Vehumet.
             Slain by a shadow imp (5 damage)
             ... on level 8 of the Dungeon.
             The game lasted 00:18:19 (7681 turns).

Laan the Destroyer (Deep Elf Fire Elementalist)     Turns: 7681, Time: 00:18:19

Health: -2/47      AC:  5    Str:  5    XL:     9   Next: 86%
Magic:  16/24      EV: 18    Int: 24    God:    Vehumet [......]
Gold:   373        SH:  0    Dex: 15    Spells: 19/27 levels left

rFire    + . .     SeeInvis .   w - +9 spear of Dust {pierce, rN+}
rCold    x . .     Gourm    .   (no shield)
rNeg     + . .     Faith    .   a - +0 robe
rPois    .         Spirit   .   q - +1 helmet (curse)
rElec    .         Reflect  .   (no cloak)
rCorr    .         Harm     .   (no gloves)
MR       .....                  A - +0 pair of boots
Stlth    +.........             (no amulet)
HPRegen  0.15/turn              k - ring of fire
MPRegen  0.19/turn              t - ring of loudness (curse)

@: no status effects
A: no striking features
a: Renounce Religion


You were on level 8 of the Dungeon.
You worshipped Vehumet.
Vehumet was noncommittal.
You were not hungry.

You visited 2 branches of the dungeon, and saw 9 of its levels.

You collected 386 gold pieces.
You spent 13 gold pieces at shops.

Inventory:

Hand Weapons
 i - a +3 short sword of freezing
 w - the +9 spear of Dust (weapon) {pierce, rN+}
   (You found it on level 5 of the Dungeon)

   It inflicts extra damage upon your enemies.
   It protects you from negative energy.
 z - a +0 blowgun
Missiles
 d - 29 poisoned needles
Armour
 a - a +0 robe (worn)
 q - a cursed +1 helmet (worn)
 y - the +3 ring mail of Faeth {-Tele rPois Int+4}
   (You acquired it on level 7 of the Dungeon)

   It affects your intelligence (+4).
   It protects you from poison.
   It prevents most forms of teleportation.
 A - a +0 pair of boots (worn)
Jewellery
 k - a ring of fire (left hand)
 m - a +2 ring of dexterity
 t - a cursed ring of loudness (right hand)
Wands
 x - a wand of disintegration (15)
Scrolls
 l - 3 scrolls of teleportation
 n - a scroll of blinking
 p - a scroll of amnesia
 r - 3 scrolls of fog
 s - 4 scrolls of identify
 v - a scroll of enchant armour
Potions
 b - 2 potions of curing {unknown}
 e - 3 potions of mutation {unknown}
 f - 4 potions of lignification {unknown}
 h - a potion of resistance {unknown}
 j - 4 potions of degeneration {unknown}
 o - a potion of heal wounds {unknown}
 u - 2 potions of might {unknown}
Comestibles
 c - 22 rations


   Skills:
 - Level 1.4 Fighting
 + Level 8.8 Dodging
 - Level 2.4 Stealth
 + Level 9.5 Spellcasting
 * Level 10.7 Conjurations
 - Level 3.2 Fire Magic


You had 19 spell levels left.
You knew the following spells:

 Your Spells              Type           Power        Failure   Level  Hunger
a - Flame Tongue          Conj/Fire      #####        1%          1    None
b - Conjure Flame         Conj/Fire      ######..     1%          3    None
c - Sticky Flame          Conj/Fire      ######..     3%          4    #......


Dungeon Overview and Level Annotations

Branches:
Dungeon (8/15)             Temple (1/1) D:4
   Lair: D:8-11

Altars:
Ashenzari
Cheibriados
Elyvilon
Fedhas
Gozag
Kikubaaqudgha
Makhleb
Nemelex Xobeh
Okawaru
Qazlal
Ru
Sif Muna
Trog
Uskayaw
Vehumet
Wu Jian
Xom
Yredelemnul
Zin

Shops:
D:6 %   D:7 *


Message History

The porcupine bites you!
The shadow imp hits you but does no damage.
The porcupine barely misses you. The porcupine bites you.
The shadow imp hits you but does no damage.
The porcupine bites you! The shadow imp hits you.
You turn to flesh and can move again.
Unknown command.
Casting: Flame Tongue (safe; 1% risk of failure)
Confirm with . or Enter, or press ? or * to list all spells.
Aiming: Sticky Flame (safe; 3% risk of failure)
Press: ? - help, Shift-Dir - straight line, f - porcupine
Aim: a porcupine You feel a surge of power!
The sticky flame hits the porcupine.
The porcupine is severely wounded.
The porcupine is covered in liquid flames!
The porcupine burns!
The porcupine bites you!
* * * LOW HITPOINT WARNING * * *
The shadow imp hits you.
You die... .$.. .♣P. .PP.P ## ..... #.## rt..

#5###.l ##.@#.#
#..#r# #.####
####.##########.
#...............
#.##.##.........
#.##.##.>.......
#.#..##.........
#.#.###.........


You could see a porcupine (burning) and a shadow imp.

Vanquished Creatures
  A two-headed ogre (D:7)
  The ghost of Sassnad the Chopper, a novice FoFi of Qazlal (D:4)
  Prince Ribbit (D:7)
  A hippogriff (D:7)
  A spriggan (D:7)
  A basilisk (D:8)
  2 ice beasts (D:6)
  The ghost of blubbertyp the Charmwright, an amateur GnSk (D:3)
  An ogre (D:6)
  3 phantoms
  2 centaurs
  A gnoll sergeant (D:7)
  3 bullfrogs
  2 howler monkeys
  3 crimson imps
  4 orc priests
  A bullfrog skeleton (D:6)
  3 hounds
  A jelly (D:7)
  6 orc wizards
  3 iguanas
  3 worker ants
  A mummy (D:5)
  Robin (D:3)
  8 gnolls
  2 adders
  3 worms
  A dart slug (D:2)
  5 leopard geckos
  21 orcs
  4 bats
  7 giant cockroaches
  20 goblins
  11 hobgoblins
  9 jackals
  9 kobolds
  3 quokkas
  4 ball pythons
  A ball python skeleton (D:4)
  4 frilled lizards
  7 rats
166 creatures vanquished.

Vanquished Creatures (others)
  A fungus (D:8)
1 creature vanquished.

Grand Total: 167 creatures vanquished

Notes
Turn   | Place    | Note
-------+----------+-------------------------------------------
     0 | D:1      | Laan the Deep Elf Fire Elementalist began the quest for the Orb.
     0 | D:1      | Reached XP level 1. HP: 10/10 MP: 6/6
   272 | D:1      | Reached XP level 2. HP: 9/16 MP: 4/8
   484 | D:1      | Reached skill level 2 in Conjurations
   805 | D:1      | Reached XP level 3. HP: 20/20 MP: 9/9
   983 | D:1      | Learned a level 3 spell: Conjure Flame
  1052 | D:2      | Reached skill level 1 in Fighting
  1307 | D:2      | Reached XP level 4. HP: 25/25 MP: 11/11
  1448 | D:2      | Found a hide-covered altar of Uskayaw.
  1722 | D:2      | Reached skill level 3 in Conjurations
  1744 | D:3      | Noticed blubbertyp's ghost (amateur GnSk)
  1744 | D:3      | Noticed Robin
  2139 | D:3      | Reached XP level 5. HP: 29/29 MP: 8/13
  2281 | D:3      | Killed blubbertyp's ghost
  2281 | D:3      | Reached skill level 4 in Conjurations
  2549 | D:3      | Killed Robin
  2664 | D:3      | Found a shattered altar of Ashenzari.
  2991 | D:4      | Noticed a phantom
  3002 | D:4      | Killed a phantom
  3002 | D:4      | Reached XP level 6. HP: 24/34 MP: 7/15
  3004 | D:4      | Noticed Sassnad's ghost (novice FoFi)
  3101 | D:4      | Learned a level 4 spell: Sticky Flame
  3266 | D:4      | Killed Sassnad's ghost
  3266 | D:4      | Reached skill level 5 in Dodging
  3266 | D:4      | Reached skill level 5 in Spellcasting
  3266 | D:4      | Reached skill level 5 in Conjurations
  3266 | D:4      | Reached XP level 7. HP: 38/38 MP: 3/17
  3387 | D:4      | Reached skill level 6 in Conjurations
  3592 | D:4      | Found a staircase to the Ecumenical Temple.
  3600 | Temple   | Entered the Ecumenical Temple
  3966 | D:5      | Entered Level 5 of the Dungeon
  4296 | D:5      | Reached XP level 8. HP: 7/43 MP: 10/19
  4442 | D:5      | Reached skill level 7 in Conjurations
  4447 | D:5      | Got a smoking spear
  4500 | D:5      | Found a burning altar of Makhleb.
  4500 | D:5      | Noticed a cacodemon
  4878 | D:5      | Identified the +9 spear of Dust {pierce, rN+} (You found it on level 5 of the Dungeon)
  5204 | D:6      | Reached skill level 8 in Conjurations
  5307 | D:6      | Found Igosem's Food Boutique.
  5443 | D:6      | Found a radiant altar of Vehumet.
  5451 | D:6      | Became a worshipper of Vehumet
  6294 | D:7      | Noticed a two-headed ogre
  6309 | D:7      | Killed a two-headed ogre
  6309 | D:7      | Reached skill level 9 in Conjurations
  6309 | D:7      | Reached XP level 9. HP: 47/47 MP: 20/23
  6525 | D:7      | Noticed Prince Ribbit
  6548 | D:7      | Killed Prince Ribbit
  6548 | D:7      | Reached skill level 10 in Conjurations
  6647 | D:7      | Identified a scroll of acquirement
  6648 | D:7      | Got a pearl-studded ring mail
  6649 | D:7      | Identified the +3 ring mail of Faeth {-Tele rPois Int+4} (You acquired it on level 7 of the Dungeon)
  6993 | D:7      | Found a white marble altar of Elyvilon.
  7009 | D:7      | Found a stormy altar of Qazlal.
  7035 | D:7      | Found a sacrificial altar of Ru.
  7052 | D:7      | Found a blossoming altar of Fedhas.
  7207 | D:7      | Found Deyrotwa's General Store.
  7218 | D:7      | Bought a scroll of noise for 13 gold pieces
  7453 | D:7      | Found a shimmering altar of Xom.
  7681 | D:8      | Slain by a shadow imp

Vault maps used:
D:1:      matt_arrival_spirals, minmay_small_reverse_x
D:2:      overflow_temple_1_default, st_stairs_7
D:3:      ashenzari_conservatory_becter, first_ration, serial_bayou_lake_a,
          uniq_robin
D:4:      minmay_temple_entry_butterflies
D:5:      makhleb_altar_promises_db, gup_ossuary_entry_pyramid
D:6:      lemuel_round_altar, serial_shops, kennysheep_little_box,
          grunt_ministairs_2
D:7:      lemuel_crystal_altar, nicolae_overflow_quartered_altars, serial_shops,
          nicolae_shop_crystal, the_bakery, uniq_prince_ribbit1
D:8:      lemuel_doored_altar, nicolae_overflow_crystal_walls,
          overflow_temple_1_default, minmay_lair_entry_grove,
          kennysheep_nondescript, kennysheep_just_a_vault, uniq_pikel
Temple:   compressed_dpeg_circular_temple

Skill      XL: |  1  2  3  4  5  6  7  8  9 |
---------------+----------------------------+-----
Conjurations   | 2 3 4 5 6 9 10 | 10.7
Dodging        | 3 4 5 7 8 |  8.8
Fighting       | 1 |  1.4
Spellcasting   | 4 5 6 8 9 |  9.5
Stealth        | |  2.4
Fire Magic     | |  3.2

Action                   |  1- 3 |  4- 6 |  7- 9 || total
-------------------------+-------+-------+-------++-------
Melee: Short sword       |    31 |    28 |    42 ||   101
       Spear             |       |       |    33 ||    33
 Cast: Flame Tongue      |    27 |   106 |   180 ||   313
       Conjure Flame     |       |     2 |     5 ||     7
       Sticky Flame      |       |       |    11 ||    11
  Use: Scroll            |       |       |    12 ||    12
 Stab: Sleeping          |     1 |     2 |     3 ||     6
  Eat: Chunk             |     1 |     6 |    14 ||    21
Armor: Robe              |     7 |     5 |    17 ||    29
Dodge: Dodged            |    41 |    34 |    77 ||   152

Table legend:
 A = Spawn XP
 B = Non-spawn XP
 C = Spawn XP percentage of total XP
 D = Spawn monster count
 E = Non-spawn monster count
 F = Spawn count percentage of total count
 G = Total turns spent on level
                    A         B        C        D         E        F      G
               +---------+---------+-------+---------+---------+-------+---------
         Total |       0 |    5153 |   0.0 |       0 |     166 |   0.0 |  7681
               +---------+---------+-------+---------+---------+-------+---------
           D:1 |       0 |      42 |   0.0 |       0 |      25 |   0.0 |   984
           D:2 |       0 |      89 |   0.0 |       0 |      19 |   0.0 |   898
           D:3 |       0 |     247 |   0.0 |       0 |      40 |   0.0 |  1247
           D:4 |       0 |     725 |   0.0 |       0 |      14 |   0.0 |   717
           D:5 |       0 |     546 |   0.0 |       0 |      24 |   0.0 |  1130
           D:6 |       0 |     932 |   0.0 |       0 |      18 |   0.0 |  1190
           D:7 |       0 |    2231 |   0.0 |       0 |      23 |   0.0 |  1272
           D:8 |       0 |     341 |   0.0 |       0 |       3 |   0.0 |   123
               +---------+---------+-------+---------+---------+-------+---------
